AoeStats
← Peace

MegaRandom

507923950Analyzed
2v2 RM · 13d ago on Sep 20, 2026· 44m 9s· 4 players
Game mode
Random Map
Map size
Medium (4 player)
Population
200
Speed
Normal
Resources
Standard
Victory
Conquest
Starting age
Dark Age
Ending age
Imperial Age
RankedLock teamsTeams togetherTeam positionsShared explorationLock speedFull tech treeHidden civsTurbo modeCheats
Victory
Defeat
🇦🇺 Celts · Australia
829
+19
🇦🇺 Franks · Australia
824
+19
🇦🇷 Mongols · Argentina
921
-21
🇭🇰 Georgians · Hong Kong SAR China
852
-17
GoldPhantom
3:20 Loom
13:47 Feudal Age
18:25 Double-Bit Axe
22:50 Castle Age
23:03 Wheelbarrow
22:44 Bloodlines
24:07 Bow Saw
23:46 Horse Collar
25:21 Fervor
26:00 Husbandry
30:18 Forging
33:18 Scale Barding Armor
35:27 Chain Barding Armor
35:04 Town Watch
40:40 Iron Casting
toxic-mushroom
12:29 Feudal Age
10:49 Loom
12:55 Double-Bit Axe
15:09 Horse Collar
23:21 Castle Age
22:09 Scale Barding Armor
22:45 Bloodlines
23:59 Wheelbarrow
26:13 Gold Mining
26:36 Husbandry
29:48 Bow Saw
29:48 Heavy Plow
33:00 Chain Barding Armor
38:32 Crossbowman
42:13 Padded Archer Armor
Peace
10:24 Loom
12:16 Feudal Age
16:29 Double-Bit Axe
23:39 Castle Age
24:32 Husbandry
24:38 Husbandry
25:08 Scale Barding Armor
25:13 Forging
26:16 Chain Barding Armor
26:09 Gold Mining
31:01 Iron Casting
33:55 Gold Shaft Mining
39:19 Imperial Age
41:29 Blast Furnace
40:11 Cavalier
42:19 Plate Barding Armor
Rowdy8
12:23 Feudal Age
11:46 Loom
13:33 Double-Bit Axe
21:45 Castle Age
23:02 Gold Mining
22:39 Pikeman
26:40 Crossbowman
30:02 Forging
29:52 Scale Mail Armor
30:32 Man-at-Arms
39:39 Chain Mail Armor
40:04 Gold Shaft Mining
39:20 Long Swordsman
42:22 Horse Collar
Connection lost

Rejoining the realm…

Still unreachable

The connection could not be restored.

Session expired

The server has moved on; the page needs a fresh start.